 Dungeon Crawl Stone Soup version 0.31.0-32-g396128a36d (webtiles) character file.

Game seed: 17106344862214470303

142 mothy the Chopper (level 5, -5/31 (42) HPs)
             Began as a Hill Orc Reaver on Mar 25, 2024.
             Was a Follower of Sif Muna.
             Slain by an ogre
             ... wielding a +0 giant spiked club
              (26 damage)
             ... on level 3 of the Dungeon.
             The game lasted 00:07:01 (2337 turns).

mothy the Chopper (Hill Orc Reaver)                 Turns: 2337, Time: 00:07:02

HP:   -5/31 (42)    AC:  7    Str: 17    XL:     5   Next: 24%
MP:   6/7           EV: 10    Int: 13    God:    Sif Muna [*.....]
Gold: 165           SH:  0    Dex:  9    Spells: 4/7 levels left

rFire   . . .        a - +0 hand axe
rCold   . . .        (no shield)
rNeg    . . .        c - +0 scale mail
rPois   .            (no helmet)
rElec   .            q - +0 cloak
rCorr   .            (no gloves)
SInv    .            (no boots)
Will    .....        (no amulet) Stlth
                     (no ring)
HPRegen 0.25/turn    (no ring)
MPRegen 0.10/turn

%: no passive effects
@: very heavily drained
A: no striking features
a: Renounce Religion, Channel Magic


You were on level 3 of the Dungeon.
You worshipped Sif Muna.
Sif Muna was aware of your devotion.
You visited 1 branch of the dungeon, and saw 3 of its levels.

You collected 165 gold pieces.

Inventory:

Hand Weapons
 a - a +0 hand axe (weapon)
Armour
 b - a +0 leather armour
 c - a +0 scale mail (worn)
 q - a +0 cloak (worn)
Jewellery
 f - a ring of fire
 o - a ring of wizardry
Wands
 p - a wand of flame (23)
Scrolls
 d - a scroll of noise {unknown}
 e - a scroll of enchant weapon {unknown}
 g - 2 scrolls of teleportation {unknown}
 h - a scroll of acquirement {unknown}
 i - a scroll of amnesia {unknown}
 l - a scroll of poison {unknown}
 m - 3 scrolls of identify {unknown}
Potions
 j - 2 potions of curing
 k - a potion of resistance {unknown}
 n - a potion of degeneration {unknown}


   Skills:
 + Level 2.5 Fighting
 + Level 5.8 Axes
 + Level 2.1 Armour
 + Level 2.5 Dodging
 + Level 0.1 Stealth
 + Level 1.7 Spellcasting
 + Level 3.1 Conjurations


You had 4 spell levels left.
You knew the following spells:

 Your Spells              Type           Power      Damage    Failure   Level
a - Kiss of Death         Conj/Necr      20%        2d7       43%         1
b - Momentum Strike       Conj/Tloc      10%        3d8       58%         2

Your spell library contained the following spells:

 Spells                   Type           Power      Damage    Failure   Level
 Hailstorm                Conj/Ice       5%         3d5       82%         3
 Confusing Touch          Hex            1%         N/A       95%         3
 Dispel Undead            Necr           1%         3d6       100%        4


Dungeon Overview and Level Annotations

Branches:
Dungeon (3/15)

Altars:
Sif Muna


Message History

You hit the kobold.
You kill the kobold!
Sif Muna accepts your kill.
Things that are here:
a +0 dagger; a +0 ring mail This spell is quite dangerous to cast!
You start memorising the spell.
You continue memorising.
HP restored.
You continue memorising.
You finish memorising.
Spell assigned to 'b'.
A giant cockroach comes into view.
Casting: Kiss of Death (safe; 43% risk of failure)
Confirm with . or Enter, or press ? or * to list all spells.
Okay, then.
You hit the giant cockroach.
You kill the giant cockroach!
Sif Muna accepts your kill.
You see here a giant cockroach corpse.
An ogre comes into view. It is wielding a +0 giant spiked club.
The ogre shouts!
An ogre is nearby!
An orc comes into view. It is wielding a +0 club.
A giant cockroach comes into view.
The ogre attacks as it pursues you! The ogre barely misses you.
The orc shouts!
You see here a giant cockroach corpse.
Casting: Kiss of Death (safe; 43% risk of failure)
Confirm with . or Enter, or press ? or * to list all spells.
Aiming: Kiss of Death (safe; 43% risk of failure)
Press: ? - help, Shift-Dir - straight line, f - ogre
Aim: an ogre, wielding a +0 giant spiked club (100% to hit)
The negative energy hits the ogre.
The ogre is drained!
The ogre is moderately wounded.
You feel drained.
The ogre hits you with a +0 giant spiked club!
You hit the ogre but do no damage.
The ogre is moderately wounded.
The ogre hits you with a +0 giant spiked club!!
Ouch! That really hurt!
You die...

.. ..# #.. .. #.##
##.# #.. ..# # ..##
##..## ##.##.##
#.##.## #.
#....BO##......##..
#..#....#@.#....#..#
#....#..#....#..#
#......##......#
##.##.####.##.##
##..## ##).# #..
#..## # #.## #.##.#
##. .. ###..# #.#
#.## #.#


You could see an ogre (drained) and a giant cockroach.

Vanquished Creatures
  Crazy Yiuf (D:2)
  Jessica (D:2)
  2 adders (D:2)
  5 endoplasms
  2 giant cockroaches
  5 goblins
  9 hobgoblins
  12 jackals
  4 kobolds
  2 quokkas
  5 ball pythons
  A bat (D:1)
  7 frilled lizards
  6 rats
62 creatures vanquished.

Notes
Turn   | Place    | Note
-------+----------+-------------------------------------------
     0 | D:1      | mothy the Hill Orc Reaver began the quest for the Orb.
     0 | D:1      | Reached XP level 1. HP: 18/18 MP: 3/3
   228 | D:1      | Reached XP level 2. HP: 25/25 MP: 4/4
   636 | D:1      | Reached XP level 3. HP: 27/30 MP: 5/5
   848 | D:1      | Reached skill level 5 in Axes
  1248 | D:2      | Found a shimmering blue altar of Sif Muna.
  1297 | D:2      | Became a worshipper of Sif Muna the Loreminder
  1421 | D:2      | Reached XP level 4. HP: 34/37 MP: 6/6
  1479 | D:2      | Reached skill level 1 in Armour
  1660 | D:2      | Found a runed translucent door.
  1661 | D:2      | Noticed Crazy Yiuf
  1966 | D:2      | Reached * piety under Sif Muna
  2024 | D:2      | Noticed Jessica
  2027 | D:2      | Killed Jessica
  2103 | D:2      | Killed Crazy Yiuf
  2104 | D:2      | Reached XP level 5. HP: 4/37 MP: 5/7
  2324 | D:3      | Learned a level 2 spell: Momentum Strike
  2329 | D:3      | Noticed an ogre
  2337 | D:3      | Slain by an ogre

Illustrated notes

Levels and vault maps discovered:
D:1:      lightli_arrival_lavapool, layout_basic, minmay_misc_feat_doors,
          minmay_liquid_box
D:2:      minmay_spotlight, layout_basic, basic_altar, uniq_crazy_yiuf_cottage,
          uniq_jessica
D:3:      layout_loops_ring, nicolae_houndstooth_variations

Skill      XL: |  1  2  3  4 |
---------------+-------------+-----
Dodging        | 2 |  2.5
Axes           | 5 |  5.8
Armour         | 2 |  2.1
Fighting       | |  2.5
Stealth        | |  0.1
Spellcasting   | |  1.7
Conjurations   | |  3.1

Action                     |  1- 3 |  4- 6 || total
---------------------------+-------+-------++-------
  Melee: Hand axe          |   164 |    57 ||   221
         Punch             |     1 |     1 ||     2
   Cast: Kiss of Death     |       |     3 ||     3
    Use: Scroll            |     1 |       ||     1
         Potion            |       |     1 ||     1
 Armour: Leather armour    |    12 |       ||    12
         Scale mail        |   112 |    36 ||   148
  Dodge: Dodged            |    98 |    25 ||   123
